 Dungeon Crawl Stone Soup version 0.29.1-13-g9f3cf754e1 (webtiles) character file.

Game seed: 174003572164978012

37 DemonSlayer the Digger (level 3, -3/24 HPs)
             Began as a Demonspawn Earth Elementalist on Jan 21, 2023.
             Succumbed to an adder's poison
             ... on level 1 of the Dungeon.
             The game lasted 00:02:08 (980 turns).

DemonSlayer the Digger (DsEE)                        Turns: 980, Time: 00:02:10

Health: -3/24      AC:  2    Str:  8    XL:     3   Next: 23%
Magic:  4/6        EV: 12    Int: 18    God:
Gold:   13         SH:  4    Dex: 13    Spells: 3/6 levels left

rFire   . . .      SeeInvis .   b - +0 dagger
rCold   . . .      Faith    .   (no shield)
rNeg    . . .      Spirit   .   a - +0 robe
rPois   .          Reflect  .   (no helmet)
rElec   .          Harm     .   (no cloak)
rCorr   .          Rampage  .   (no gloves)
Will    .....                   (no boots)
Stlth   ++........              (no amulet)
HPRegen 0.08/turn               (no ring)
MPRegen 0.10/turn               (no ring)

@: lethally poisoned (-3 -> -16), invisible
A: claws 1, condensation shield
a: no special abilities


You were on level 1 of the Dungeon.
You visited 1 branch of the dungeon, and saw 2 of its levels.

You collected 13 gold pieces.

Inventory:

Hand Weapons
 b - a +0 dagger (weapon)
Armour
 a - a +0 robe (worn)


   Skills:
 + Level 1.8 Dodging
 + Level 2.1 Stealth
 + Level 2.3 Spellcasting
 + Level 0.8 Transmutations
 + Level 3.5 Earth Magic


You had 3 spell levels left.
You knew the following spells:

 Your Spells              Type           Power      Damage    Failure   Level
a - Sandblast             Erth           28%        2d8       4%          1
b - Passwall              Tmut/Erth      7%         N/A       11%         2

Your spell library contained the following spells:

 Spells                   Type           Power      Damage    Failure   Level
 Stone Arrow              Conj/Erth      16%        3d8       26%         3
 Tukima's Dance           Hex            2%         N/A       45%         3
 Petrify                  Tmut/Erth      9%         N/A       56%         4
 Passage of Golubria      Tloc           2%         N/A       86%         4
 Yara's Violent Unravell  Hex/Tmut       1%         3d3       99%         5
 Chain Lightning          Conj/Air       1%         3d1       100%        9
 Fire Storm               Conj/Fire      1%         7d1       100%        9
 Shatter                  Erth           7%         3d9*      100%        9


Dungeon Overview and Level Annotations

Branches:
Dungeon (2/15)

Altars:


Innate Abilities, Weirdness & Mutations

You have sharp fingernails.
A meltable shield of frost defends you. (SH +4)


Message History

An adder is nearby!
An adder is nearby!
You climb upwards.
There is a stone staircase leading down here.
HP restored.
Magic restored.
Done exploring.
Done exploring.
Done exploring.
Done exploring.
Done exploring.
You climb downwards.
The adder bites you.
You are poisoned.
The adder poisons you! The adder bites you.
You are more poisoned.
The adder poisons you!
There is a stone staircase leading up here.
The blast of sand misses the adder.
You feel very sick. The adder bites you but does no damage.
The adder misses you.
The blast of sand hits the adder.
The adder is lightly wounded.
You feel sick. The adder bites you but does no damage. The adder bites you.
You are more poisoned.
The adder poisons you!
You are too injured to fight recklessly!
You are too injured to fight recklessly!
You are too injured to fight recklessly!
You are too injured to fight recklessly!
It was a potion of invisibility.
You fade into invisibility!
You feel sick. The adder completely misses you. The adder bites you.
* * * LOW HITPOINT WARNING * * *
* * * LOW HITPOINT WARNING * * *
You feel sick. The adder bites you.
* * * LOW HITPOINT WARNING * * *
You are more poisoned.
The adder poisons you!
You climb upwards.
You die...

.....#...#...#.....#...#...#
#.##.#......#.#...#.#......#
#.##.#.....#...#.#...#.....#
#.##.#....)................#
#.##.##.....##.###.#########
#.##.##.....##.#...#
...†.##.....##.#.#.####
#.#####...|.##..S.....# #.#
#.....##..@..##.# ..#
#########..####.# #.#
#....##.# #.# #.##.##.#
..######### #.##.##.#
#.#.......# #.......#
#.#.#####.# ####.####
..#.#####.########.#
.......##.##.......#


You could see an adder (unable to see you).

Vanquished Creatures
  An adder (D:2)
  2 ball pythons (D:1)
  4 endoplasms (D:1)
  A giant cockroach (D:1)
  3 goblins (D:1)
  4 hobgoblins
  A quokka (D:1)
  2 bats (D:1)
  A frilled lizard (D:1)
  3 kobolds (D:1)
  5 rats
27 creatures vanquished.

Notes
Turn   | Place    | Note
-------+----------+-------------------------------------------
     0 | D:1      | DemonSlayer the Demonspawn Earth Elementalist began the
                  | quest for the Orb.
     0 | D:1      | Reached XP level 1. HP: 13/13 MP: 3/3
   210 | D:1      | Reached skill level 3 in Earth Magic
   210 | D:1      | Gained mutation: You have sharp fingernails. [demonic
                  | ancestry]
   210 | D:1      | Reached XP level 2. HP: 19/19 MP: 3/5
   213 | D:1      | Learned a level 2 spell: Passwall
   648 | D:1      | Found a faded altar of an unknown god.
   912 | D:2      | Gained mutation: A meltable shield of frost defends you.
                  | (SH +4) [demonic ancestry]
   912 | D:2      | Reached XP level 3. HP: 23/24 MP: 0/6
   979 | D:2      | HP: 1/24 [adder (2)]
   980 | D:1      | Succumbed to an adder's poison

Illustrated notes

Levels and vault maps discovered:
D:1:      minmay_arrival_jagged, layout_loops_cross, basic_ecumenical_altar,
          minmay_stone_trees_medium, minmay_splitting_lines
D:2:      layout_loops_cross, basic_altar, minmay_crystal_water

Skill      XL: |  1  2 |
---------------+-------+-----
Earth Magic    | 3 |  3.5
Stealth        | 2 |  2.1
Dodging        | |  1.8
Spellcasting   | |  2.3
Transmutations | |  0.8

Action                   || total
-------------------------++-------
Melee: Club              ||     1
       Dagger            ||    12
 Cast: Sandblast         ||    32
  Use: Potion            ||     2
 Stab: Sleeping          ||     4
Armor: Robe              ||     3
Dodge: Dodged            ||    13
Block: Other             ||     2
